 Dungeon Crawl Stone Soup version 0.30-a0-304-gdc4b735fe1 (webtiles) character file.

Game seed: 13532779620091732654

331 purpskrrrp the Cleaver (level 6, 0/51 HPs)
             Began as a Hill Orc Fighter on Oct 20, 2022.
             Slain by Edmund
             ... wielding a +0 dire flail of protection
              (7 damage)
             ... on level 4 of the Dungeon.
             The game lasted 00:03:52 (2449 turns).

purpskrrrp the Cleaver (Hill Orc Fighter)           Turns: 2449, Time: 00:03:53

Health: 0/51       AC:  5    Str: 21    XL:     6   Next: 51%
Magic:  6/6        EV: 10    Int:  8    God:
Gold:   127        SH:  0    Dex: 10    Spells: 5/5 levels left

rFire   . . .      SeeInvis .    a - +0 war axe
rCold   . . .      Faith    .    c - +0 buckler
rNeg    + . .      Spirit   .    o - +0 troll leather armour {Pargi}
rPois   .          Reflect  .    (no helmet)
rElec   .          Harm     .    (no cloak)
rCorr   .          Rampage  .    (no gloves)
Will    .....                    q - +0 pair of boots
Stlth   ..........               (no amulet)
HPRegen 1.08/turn                h - ring of positive energy
MPRegen 0.10/turn                (no ring)

@: confused, mighty, ambrosia-drunk
A: no striking features
a: no special abilities


You were on level 4 of the Dungeon.
You visited 1 branch of the dungeon, and saw 4 of its levels.

You collected 127 gold pieces.

Inventory:

Hand Weapons
 a - a +0 war axe (weapon)
 n - a +2 spectral quarterstaff
Armour
 b - a +0 scale mail
 c - a +0 buckler (worn)
 o - a +0 troll leather armour (worn) {Pargi}
 q - a +0 pair of boots (worn)
Jewellery
 h - a ring of positive energy (left hand)
Scrolls
 f - a scroll of enchant armour
 j - a scroll of summoning
 m - a scroll of vulnerability
Potions
 d - a potion of might
 g - a potion of brilliance
 l - a potion of mutation


   Skills:
 - Level 3.6 Fighting
 + Level 8.9 Axes
 - Level 3.2 Armour
 - Level 3.2 Shields


You had 5 spell levels left.
You didn't know any spells.
Your spell library was empty.

Dungeon Overview and Level Annotations

Branches:
Dungeon (4/15)
 Temple: D:4-7

Altars:

Annotations:
D:4 Edmund


Message History

The giant cockroach bites you but does no damage.
You hit Edmund but do no damage.
Edmund is moderately wounded.
You slash the giant cockroach!
You kill the giant cockroach!
Edmund hits you with a +0 dire flail of protection!
You are too injured to fight recklessly!
You feel very mighty all of a sudden. Edmund closely misses you.
You barely miss Edmund.
Edmund is moderately wounded.
Edmund hits you with a +0 dire flail of protection!
* * * LOW HITPOINT WARNING * * *
You are too injured to fight recklessly!
You slash Edmund!
Edmund is heavily wounded.
You block Edmund's attack.
You closely miss Edmund.
Edmund is heavily wounded.
Edmund hits you with a +0 dire flail of protection!
* * * LOW HITPOINT WARNING * * *
You slash Edmund!
Edmund is severely wounded.
Edmund hits you with a +0 dire flail of protection!
* * * LOW HITPOINT WARNING * * *
You are confused.
You feel invigorated.
Edmund hits you with a +0 dire flail of protection.
* * * LOW HITPOINT WARNING * * *
Edmund barely misses you.
You hit Edmund.
Edmund is almost dead.
Edmund hits you with a +0 dire flail of protection.
* * * LOW HITPOINT WARNING * * *
Edmund hits you with a +0 dire flail of protection!
* * * LOW HITPOINT WARNING * * *
You barely miss Edmund.
Edmund is almost dead.
Edmund hits you with a +0 dire flail of protection!
You die...

#.....# #.....#
#####.....#####
..............#
..............#
..............#
........@.....#
.......@......#
#########†....#
#...<.# +.(...+
#.....# #.....#
#.....# #.....#
#.....#


You could see Edmund.

Vanquished Creatures
  Pargi (D:3)
  An ogre (D:2)
  A jelly (D:3)
  Natasha (thrice) (D:3)
  3 worms
  A dart slug (D:3)
  5 ball pythons
  3 bats
  2 endoplasms (D:2)
  A giant cockroach (D:4)
  4 hobgoblins
  3 jackals (D:2)
  3 kobolds
  4 quokkas
  3 frilled lizards
  3 goblins (D:2)
  4 rats
45 creatures vanquished.

Notes
Turn   | Place    | Note
-------+----------+-------------------------------------------
     0 | D:1      | purpskrrrp the Hill Orc Fighter began the quest for the
                  | Orb.
     0 | D:1      | Reached XP level 1. HP: 19/19 MP: 1/1
    58 | D:1      | Reached skill level 3 in Axes
   186 | D:1      | Reached XP level 2. HP: 26/26 MP: 2/2
   356 | D:1      | Found a faded altar of an unknown god.
   525 | D:2      | Reached skill level 4 in Axes
   636 | D:2      | Reached XP level 3. HP: 20/31 MP: 3/3
   927 | D:2      | Noticed an ogre
   935 | D:2      | HP: 1/31 [ogre/+0 giant club (9)]
   936 | D:2      | Killed an ogre
   937 | D:2      | Reached skill level 6 in Axes
   937 | D:2      | Reached XP level 4. HP: 1/39 MP: 4/4
   937 | D:2      | Reached XP level 5. HP: 2/45 MP: 5/5
  1774 | D:3      | Noticed Natasha
  1788 | D:3      | Killed Natasha
  1789 | D:3      | Reached skill level 7 in Axes
  1819 | D:3      | Noticed Natasha
  1828 | D:3      | Killed Natasha
  1859 | D:3      | Noticed Natasha
  1877 | D:3      | Killed Natasha
  2051 | D:3      | Reached skill level 8 in Axes
  2051 | D:3      | Reached XP level 6. HP: 32/51 MP: 6/6
  2127 | D:3      | Noticed Pargi
  2145 | D:3      | Killed Pargi
  2431 | D:4      | Noticed Edmund
  2444 | D:4      | HP: 1/51 [Edmund/+0 dire flail of protection (10)]
  2449 | D:4      | Slain by Edmund

Illustrated notes

Levels and vault maps discovered:
D:1:      evilmike_arrival_crescent, layout_rooms,
          dilly_ecumenical_altar_fadedgnrine
D:2:      layout_basic
D:3:      layout_rooms, uniq_natasha, uniq_pargi
D:4:      layout_gridville, uniq_duvessa, uniq_edmund

Skill      XL: |  1  2  3  4  5 |
---------------+----------------+-----
Axes           | 3 4 6 8 |  8.9
Fighting       | |  3.6
Armour         | |  3.2
Shields        | |  3.2

Action                   |  1- 3 |  4- 6 || total
-------------------------+-------+-------++-------
Melee: War axe           |    77 |   103 ||   180
Throw: Dart              |    19 |       ||    19
  Use: Scroll            |       |    14 ||    14
       Potion            |       |     4 ||     4
Armor: Scale mail        |    37 |    43 ||    80
       Troll leather arm |       |     1 ||     1
Dodge: Dodged            |    35 |    58 ||    93
Block: Buckler           |    16 |    29 ||    45

Table legend: (Time is in decaauts)
 A = Elapsed time spent in this place.
 B = Non-inter-level travel time spent in this place.
 C = Inter-level travel time spent in this place.
 D = Time resting spent in this place.
 E = Time spent auto-exploring this place.
 F = Levels seen in this place.
 G = Mean time per level.
                   A        B        C        D        E       F      G
               +--------+--------+--------+--------+--------+-----+--------+
         Total |   2507 |   2432 |     75 |    500 |   1465 |   4 |  626.8 |
       Dungeon |   2507 |   2432 |     75 |    500 |   1465 |   4 |  626.8 |
               +--------+--------+--------+--------+--------+-----+--------+

Top non-repeatable levels by time:
     D:2: 1234 daAuts
     D:3: 763 daAuts
     D:1: 490 daAuts
     D:4: 18 daAuts
